TOP OF THE 1ST |
Key West Barracudas batting - Pitching for New Hampshire Fisher Cats : RHP Paul Ewing
|
Pitching: RHP Paul Ewing
|
|
Batting: RHB Luis Pineda
|
0-0: Called Strike 0-1: Called Strike 0-2: Ball 1-2: Foul Ball, location: 2F 1-2: Ball 2-2: Strikes out swinging
|
Batting: RHB Zander Tremblett
|
0-0: Called Strike 0-1: Ball 1-1: SINGLE (Line Drive, 9S)
|
Batting: SHB Martín De Jesús
|
0-0: Ball 1-0: Called Strike 1-1: Foul Ball, location: 2F 1-2: Strikes out swinging
|
Batting: RHB Ramiro Gámez
|
0-0: Called Strike 0-1: Ball 1-1: Foul Ball, location: 2F 1-2: Ball 2-2: Strikes out swinging
|
Top of the 1st over - 0 run(s), 1 hit(s), 0 error(s), 1 left on base; Key West 0 - New Hampshire 0 |
BOTTOM OF THE 1ST |
New Hampshire Fisher Cats batting - Pitching for Key West Barracudas : LHP Lynn White
|
Pitching: LHP Lynn White
|
|
Batting: RHB Lu-fang Huie
|
0-0: Called Strike 0-1: Foul Ball, location: 2F 0-2: Foul Ball, location: 2F 0-2: Ground out 6-3 (Groundball, 6)
|
Batting: RHB Matt Silver
|
0-0: Ground out 4-3 (Groundball, 4M)
|
Batting: RHB Keith Ford
|
0-0: DOUBLE (Line Drive, 9LD)
|
Batting: LHB Sam Barnes
|
0-0: Foul Ball, location: 2F 0-1: Ball 1-1: Ball 2-1: Ball 3-1: Called Strike 3-2: Ground out 4-3 (Groundball, 4)
|
Bottom of the 1st over - 0 run(s), 1 hit(s), 0 error(s), 1 left on base; Key West 0 - New Hampshire 0 |
TOP OF THE 2ND |
Key West Barracudas batting - Pitching for New Hampshire Fisher Cats : RHP Paul Ewing
|
Batting: RHB Luther Stoffels
|
0-0: Ball 1-0: Swinging Strike 1-1: Ball 2-1: SINGLE (Line Drive, 56D)
|
Batting: LHB Jake Wells
|
0-0: Grounds into double play, 6-4-3 (Groundball, 6)
|
Batting: RHB Kenny Cole
|
0-0: Swinging Strike 0-1: Ball 1-1: Ground out 5-3 (Groundball, 56)
|
Top of the 2nd over - 0 run(s), 1 hit(s), 0 error(s), 0 left on base; Key West 0 - New Hampshire 0 |
BOTTOM OF THE 2ND |
New Hampshire Fisher Cats batting - Pitching for Key West Barracudas : LHP Lynn White
|
Batting: RHB Phil Matthews
|
0-0: Ball 1-0: Ground out 5-3 (Groundball, 5L)
|
Batting: RHB Si-xun Li
|
0-0: Called Strike 0-1: Ball 1-1: SINGLE (Groundball, 5D)
|
Batting: RHB Chris Parker
|
0-0: Called Strike 0-1: Ball 1-1: Ball 2-1: Foul Ball, location: 2F 2-2: Strikes out swinging
|
Batting: RHB Sadao Kimura
|
0-0: Ball 1-0: Called Strike 1-1: Ball 2-1: 2-RUN HOME RUN (Flyball, 78XD), Distance : 414 ft
|
Batting: RHB Michael Woodruff
|
0-0: Called Strike 0-1: Foul Ball, location: 2F 0-2: Ball 1-2: Foul Ball, location: 2F 1-2: Ball 2-2: Fly out, F9 (Flyball, 9S)
|
Bottom of the 2nd over - 2 run(s), 2 hit(s), 0 error(s), 0 left on base; Key West 0 - New Hampshire 2 |
TOP OF THE 3RD |
Key West Barracudas batting - Pitching for New Hampshire Fisher Cats : RHP Paul Ewing
|
Batting: SHB Rodney Birling
|
0-0: Fly out, F5 (Popup, 5DF)
|
Batting: RHB Dan Craft
|
0-0: Ball 1-0: Swinging Strike 1-1: Fly out, F8 (Flyball, 8RM)
|
Batting: RHB Luis Pineda
|
0-0: Foul Ball, location: 2F 0-1: Fly out, F6 (Popup, 6D)
|
Top of the 3rd over - 0 run(s), 0 hit(s), 0 error(s), 0 left on base; Key West 0 - New Hampshire 2 |
BOTTOM OF THE 3RD |
New Hampshire Fisher Cats batting - Pitching for Key West Barracudas : LHP Lynn White
|
Batting: RHB Lu-fang Huie
|
0-0: Ball 1-0: Foul Ball, location: 2F 1-1: Fly out, F7 (Flyball, 8LS)
|
Batting: RHB Matt Silver
|
0-0: Ball 1-0: Ball 2-0: Ball 3-0: Base on Balls
|
Batting: RHB Keith Ford
|
0-0: Ball 1-0: Ground out 4-3 (Groundball, 4M) Matt Silver to second
|
Batting: LHB Sam Barnes
|
0-0: Ball 1-0: Ball 2-0: Ball 3-0: Base on Balls
|
Batting: RHB Phil Matthews
|
0-0: Ball 1-0: Fly out, F9 (Flyball, 9M)
|
Bottom of the 3rd over - 0 run(s), 0 hit(s), 0 error(s), 2 left on base; Key West 0 - New Hampshire 2 |
TOP OF THE 4TH |
Key West Barracudas batting - Pitching for New Hampshire Fisher Cats : RHP Paul Ewing
|
Batting: RHB Zander Tremblett
|
0-0: Fly out, F6 (Popup, 6M)
|
Batting: SHB Martín De Jesús
|
0-0: Ball 1-0: Swinging Strike 1-1: Ball 2-1: Foul Ball, location: 2F 2-2: Ball 3-2: Base on Balls
|
Batting: RHB Ramiro Gámez
|
0-0: Ball 1-0: Ball 2-0: SINGLE (Line Drive, 6D) Martín De Jesús to second
|
Batting: RHB Luther Stoffels
|
0-0: Ball 1-0: Ball 2-0: Called Strike 2-1: Grounds into double play, 6-4-3 (Groundball, 6)
|
Top of the 4th over - 0 run(s), 1 hit(s), 0 error(s), 1 left on base; Key West 0 - New Hampshire 2 |
BOTTOM OF THE 4TH |
New Hampshire Fisher Cats batting - Pitching for Key West Barracudas : LHP Lynn White
|
Batting: RHB Si-xun Li
|
0-0: Foul Ball, location: 2F 0-1: Fly out, F7 (Line Drive, 7D)
|
Batting: RHB Chris Parker
|
0-0: Ground out 6-3 (Groundball, 6S)
|
Batting: RHB Sadao Kimura
|
0-0: Called Strike 0-1: Ball 1-1: Ball 2-1: Swinging Strike 2-2: Ground out 5-3 (Groundball, 56S)
|
Bottom of the 4th over - 0 run(s), 0 hit(s), 0 error(s), 0 left on base; Key West 0 - New Hampshire 2 |
TOP OF THE 5TH |
Key West Barracudas batting - Pitching for New Hampshire Fisher Cats : RHP Paul Ewing
|
Batting: LHB Jake Wells
|
0-0: Called Strike 0-1: Foul Ball, location: 2F 0-2: Strikes out looking
|
Batting: RHB Kenny Cole
|
0-0: SINGLE (Groundball, 6MD)
|
Batting: SHB Rodney Birling
|
0-0: Foul Ball, location: 2F 0-1: Ball 1-1: Foul Ball, location: 2F 1-2: Ball 2-2: Fly out, F6 (Popup, 6MD)
|
Batting: RHB Dan Craft
|
0-0: Swinging Strike 0-1: Called Strike 0-2: Strikes out swinging
|
Top of the 5th over - 0 run(s), 1 hit(s), 0 error(s), 1 left on base; Key West 0 - New Hampshire 2 |
BOTTOM OF THE 5TH |
New Hampshire Fisher Cats batting - Pitching for Key West Barracudas : LHP Lynn White
|
Batting: RHB Michael Woodruff
|
0-0: Called Strike 0-1: Foul Ball, location: 2F 0-2: Ball 1-2: Ball 2-2: Ball 3-2: Fly out, F8 (Flyball, 8RXD)
|
Batting: RHB Lu-fang Huie
|
0-0: Ball 1-0: Swinging Strike 1-1: Ground out 5-3 (Groundball, 5)
|
Batting: RHB Matt Silver
|
0-0: Ball 1-0: Called Strike 1-1: Called Strike 1-2: Fly out, F7 (Flyball, 7D)
|
Bottom of the 5th over - 0 run(s), 0 hit(s), 0 error(s), 0 left on base; Key West 0 - New Hampshire 2 |
TOP OF THE 6TH |
Key West Barracudas batting - Pitching for New Hampshire Fisher Cats : RHP Paul Ewing
|
Batting: RHB Luis Pineda
|
0-0: Ball 1-0: Ball 2-0: Ground out 6-3 (Groundball, 6M)
|
Batting: RHB Zander Tremblett
|
0-0: Called Strike 0-1: Ball 1-1: Ball 2-1: Foul Ball, location: 2F 2-2: Ground out 6-3 (Groundball, 6M)
|
Batting: SHB Martín De Jesús
|
0-0: Ball 1-0: Called Strike 1-1: Ball 2-1: Foul Ball, location: 2F 2-2: Ball 3-2: Fly out, F7 (Flyball, 7D)
|
Top of the 6th over - 0 run(s), 0 hit(s), 0 error(s), 0 left on base; Key West 0 - New Hampshire 2 |
BOTTOM OF THE 6TH |
New Hampshire Fisher Cats batting - Pitching for Key West Barracudas : LHP Lynn White
|
Batting: RHB Keith Ford
|
0-0: Called Strike 0-1: Foul Ball, location: 2F 0-2: Ball 1-2: Ball 2-2: SINGLE (Groundball, 4MD)
|
Batting: LHB Sam Barnes
|
0-0: Ball 1-0: Ball 2-0: Called Strike 2-1: Fly out, F8 (Popup, 8LS)
|
Batting: RHB Phil Matthews
|
0-0: Ball 1-0: Foul Ball, location: 2F 1-1: Foul Ball, location: 2F 1-2: Ball 2-2: Ball 3-2: Ground out 5-3 (Groundball, 56S) Keith Ford to second
|
Batting: RHB Si-xun Li
|
0-0: Ball 1-0: Called Strike 1-1: Swinging Strike 1-2: Strikes out swinging
|
Bottom of the 6th over - 0 run(s), 1 hit(s), 0 error(s), 1 left on base; Key West 0 - New Hampshire 2 |
TOP OF THE 7TH |
Key West Barracudas batting - Pitching for New Hampshire Fisher Cats : RHP Paul Ewing
|
Batting: RHB Ramiro Gámez
|
0-0: Ball 1-0: Called Strike 1-1: Ball 2-1: Ball 3-1: Base on Balls
|
Batting: RHB Luther Stoffels
|
0-0: SINGLE (Line Drive, 9LS) Ramiro Gámez to second
|
Batting: LHB Jake Wells
|
0-0: Sac Bunt - play at first, batter OUT! 1-3 Ramiro Gámez to third Luther Stoffels to second
|
Batting: RHB Kenny Cole
|
0-0: Ball 1-0: DOUBLE (Flyball, 89XD) Ramiro Gámez scores Luther Stoffels scores
|
Pitching: RHP Ramón Pérez
|
|
Pinch Hitting: LHB Arturo López
|
0-0: Intentional Walk
|
Pinch Hitting: LHB Víctor Acevedo
|
0-0: Ball 1-0: Called Strike 1-1: Ball 2-1: Foul Ball, location: 2F 2-2: Strikes out swinging
|
Batting: RHB Luis Pineda
|
0-0: Ball 1-0: Ball 2-0: Foul Ball, location: 2F 2-1: Foul Ball, location: 2F 2-2: Foul Ball, location: 2F 2-2: Strikes out swinging
|
Top of the 7th over - 2 run(s), 2 hit(s), 0 error(s), 2 left on base; Key West 2 - New Hampshire 2 |
BOTTOM OF THE 7TH |
New Hampshire Fisher Cats batting - Pitching for Key West Barracudas : LHP Lynn White
|
Now at 1B: Arturo López
|
|
Now at 3B: Héctor Jiménez
|
|
Batting: RHB Chris Parker
|
0-0: Ground out 6-3 (Groundball, 6S)
|
Pinch Hitting: RHB Roberto Peńa
|
0-0: Ball 1-0: Ball 2-0: Ball 3-0: Called Strike 3-1: Base on Balls
|
Batting: RHB Michael Woodruff
|
0-0: Called Strike Roberto Peńa is caught stealing 2nd base 0-1: Fly out, F4 (Line Drive, 4M)
|
Bottom of the 7th over - 0 run(s), 0 hit(s), 0 error(s), 0 left on base; Key West 2 - New Hampshire 2 |
TOP OF THE 8TH |
Key West Barracudas batting - Pitching for New Hampshire Fisher Cats : RHP Ramón Pérez
|
Now in CF: Roberto Peńa
|
|
Batting: RHB Zander Tremblett
|
0-0: Called Strike 0-1: Called Strike 0-2: Strikes out swinging
|
Batting: SHB Martín De Jesús
|
0-0: Ball 1-0: Called Strike 1-1: Ball 2-1: Fly out, F6 (Popup, 78S)
|
Pinch Hitting: LHB Daniel Byrd
|
0-0: Ball 1-0: Ball 2-0: Foul Ball, location: 2F 2-1: Swinging Strike 2-2: Foul Ball, location: 2F 2-2: Ball 3-2: Foul Ball, location: 2F 3-2: Foul Ball, location: 2F 3-2: Strikes out swinging
|
Top of the 8th over - 0 run(s), 0 hit(s), 0 error(s), 0 left on base; Key West 2 - New Hampshire 2 |
BOTTOM OF THE 8TH |
New Hampshire Fisher Cats batting - Pitching for Key West Barracudas : LHP Lynn White
|
Pitching: RHP José García
|
|
Now at 2B: Richard Sanders
|
|
Batting: RHB Lu-fang Huie
|
0-0: Called Strike 0-1: Fly out, F8 (Flyball, 89D)
|
Pinch Hitting: LHB Gustavo Lozano
|
0-0: Foul Ball, location: 2F 0-1: Ball 1-1: Foul Ball, location: 2F 1-2: SINGLE (Line Drive, 56D)
|
Batting: RHB Keith Ford
|
0-0: Ball 1-0: Ball 2-0: Swinging Strike 2-1: Called Strike 2-2: Fly out, F7 (Flyball, 7LM)
|
Batting: LHB Sam Barnes
|
0-0: Called Strike 0-1: Foul Ball, location: 2F 0-2: Ball 1-2: DOUBLE (Line Drive, 89D) Gustavo Lozano to third Runner from 3rd tries for Home, SAFE, no throw or cutoff
|
Batting: RHB Phil Matthews
|
0-0: Ball 1-0: Ball 2-0: Called Strike 2-1: Ball 3-1: Foul Ball, location: 2F 3-2: Base on Balls
|
Pinch Hitting: RHB Billy Campbell
|
0-0: SINGLE (Line Drive, 8RS) Sam Barnes to third Phil Matthews to second Runner from 3rd tries for Home, SAFE, no throw or cutoff
|
Batting: RHB Chris Parker
|
0-0: Ball 1-0: Called Strike 1-1: Called Strike 1-2: Ball 2-2: Strikes out swinging
|
Bottom of the 8th over - 2 run(s), 3 hit(s), 0 error(s), 2 left on base; Key West 2 - New Hampshire 4 |
TOP OF THE 9TH |
Key West Barracudas batting - Pitching for New Hampshire Fisher Cats : RHP Ramón Pérez
|
Pitching: LHP Carlos Berru
|
|
Now at SS: Scott Briggs
|
|
Now in CF: Gustavo Lozano
|
|
Batting: RHB Luther Stoffels
|
0-0: Ball 1-0: Called Strike 1-1: Ball 2-1: Swinging Strike 2-2: Strikes out looking
|
Batting: LHB Jake Wells
|
0-0: Ball 1-0: Called Strike 1-1: Foul Ball, location: 2F 1-2: Foul Ball, location: 2F 1-2: Foul Ball, location: 2F 1-2: Ball 2-2: Strikes out swinging
|
Batting: RHB Kenny Cole
|
0-0: Called Strike 0-1: Ball 1-1: Ball 2-1: Foul Ball, location: 2F 2-2: Ball 3-2: Base on Balls
|
Batting: LHB Arturo López
|
0-0: Called Strike 0-1: Ball 1-1: Swinging Strike 1-2: Strikes out swinging
|
Top of the 9th over - 0 run(s), 0 hit(s), 0 error(s), 1 left on base; Key West 2 - New Hampshire 4 |
|